Map: Polka LE

Players

Massa

  • Race: Terran Terran
  • League: Platinum
  • Spawn Location: 5:00

qqq

  • Race: Zerg Zerg
  • Spawn Location: 5:00

Phaqui - Winner!

  • Race: Terran Terran
  • League: Master
  • Spawn Location: 11:00

Qken - Winner!

  • Race: Protoss Protoss
  • Spawn Location: 11:00

VOD

Have the link to the VOD?

Description

Time

  • Played on: March 22, 2021, 2:07 p.m.
  • Length: 24:20
Show
View Real Time Build Order
Export as new Build Order

Massa Terran 

Build Orders:  

Get SALT Encoding   

  12  0:00  SCV  
  13  0:12  SCV  
  14  0:24  SCV, Supply Depot  
  15  0:45  SCV  
  15  0:46  Refinery  
  15  0:48  Barracks  
  16  0:57  SCV  
  17  1:12  SCV  
  18  1:24  SCV  
  19  1:36  SCV  
  20  1:42  Reaper  
  21  1:47  Command Center  
  21  1:49  Orbital Command  
  21  1:59  Refinery  
  21  2:04  Barracks  
  21  2:20  SCV, Supply Depot  
  22  2:28  Barracks  
  22  2:33  SCV  
  22  2:36  Barracks Tech Lab  
  22  2:59  Stimpack  
  22  3:01  Marauder, Marine  
  22  3:04  Orbital Command  
  25  3:09  Factory  
  25  3:14  Marine  
  25  3:17  SCV  
  25  3:19  Marine  
  28  3:26  Marauder  
  30  3:32  Marine  
  31  3:36  SCV  
  31  3:37  Marine  
  33  3:47  Marauder  
  35  3:50  Marine  
  35  3:52  Hellion  
  35  3:54  SCV, Marine  
  40  3:57  SCV  
  41  4:03  Supply Depot  
  41  4:08  Marine  
  41  4:09  Marauder  
  44  4:12  SCV x2  
  46  4:18  Supply Depot  
  46  4:19  Factory Tech Lab  
  46  4:24  SCV x2  
  46  4:28  Barracks Tech Lab  
  46  4:29  Barracks Reactor  
  46  4:30  Marauder  
  50  4:39  Concussive Shells  
  37  5:00  Marauder x2  
  37  5:03  Siege Tank  
  37  5:05  Marine  
  37  5:06  Marine  
  45  5:07  SCV x2  
  45  5:13  Engineering Bay  
  46  5:19  Starport, SCV x2  
  48  5:22  Marauder x2, Combat Shield  
  48  5:23  Marine  
  53  5:31  Supply Depot  
  53  5:32  Marine  
  54  5:36  Widow Mine  
  54  5:41  Marine  
  57  5:43  Marauder x2  
  57  5:49  Marine  
  62  6:06  Marauder x2, Marine  
  62  6:07  Marine  
  68  6:19  Supply Depot  
  68  6:20  Supply Depot  
  68  6:21  Barracks  
  68  6:22  Supply Depot  
  68  6:26  Marine x2  
  70  6:34  Terran Infantry Weapons Level 1  
  70  6:41  Refinery, Marauder x2, Siege Tank  
  70  6:42  Refinery  
  70  6:43  Marine  
  70  6:44  Marine  
  70  6:45  Medivac  
  81  6:53  Engineering Bay  
  81  6:55  Missile Turret  
  81  7:00  Missile Turret  
  81  7:06  Missile Turret  
  81  7:10  Marauder x2, Marine x3  
  71  7:54  Marauder, Marine x3  
  71  7:55  Marauder  
  71  7:56  Siege Tank  
  67  8:12  Marine x2  
  67  8:16  Marauder x2  
  65  8:22  Barracks Tech Lab  
  65  8:26  SCV x2  
  64  8:28  Siege Tank  
  64  8:30  Marine  
  68  8:36  Sensor Tower  
  68  8:37  Marauder x2  
  68  8:38  SCV x2  
  68  8:40  Command Center  
  74  8:41  Armory  
  74  8:42  Sensor Tower  
  74  8:50  SCV x2  
  74  8:53  Terran Infantry Armor Level 1  
  76  8:56  Starport Reactor  
  76  8:59  Marauder  
  78  9:07  Marauder, Marine x2  
  78  9:08  Marauder  
  84  9:19  Marine  
  85  9:25  SCV x2, Marine x2  
  85  9:28  Marine  
  90  9:37  SCV  
  90  9:38  SCV  
  92  9:49  SCV  
  92  9:50  SCV  
  92  10:02  SCV, Marauder  
  92  10:03  Marauder x2, Marine x2  
  93  10:07  Siege Tank  
  96  10:24  Marauder x2  
  94  10:30  Medivac x2  
  94  10:33  Marauder, Marine  
  94  10:34  Terran Infantry Weapons Level 2  
  99  10:45  Marauder x2  
  101  10:54  Marauder, Marine x2  
  103  11:00  Medivac x2  
  103  11:07  Marauder x2  
  107  11:12  Marine  
  107  11:14  Marine  
  109  11:33  Marauder  
  109  11:35  Marauder  
  109  11:37  Medivac x2  
  109  11:49  Supply Depot  
  109  11:50  Orbital Command, Supply Depot  
  109  11:52  Supply Depot  
  109  11:53  Supply Depot x2  
  109  11:54  Supply Depot x2  
  109  11:55  Smart Servos  
  109  11:56  Supply Depot  
  109  11:59  Supply Depot x2  
  109  12:03  SCV, Marauder  
  109  12:04  SCV, Marauder, Marine  
  109  12:05  Marauder, Marine  
  109  12:06  Siege Tank  
  109  12:07  Medivac x2  
  99  12:15  Supply Depot  
  88  12:16  SCV  
  88  12:21  Marine  
  84  12:22  Marine  
  84  12:25  Marauder  
  84  12:26  Marauder  
  84  12:27  Marauder  
  91  12:37  Refinery, Viking x2  
  91  12:38  Refinery, Siege Tank  
  98  12:57  Marauder x3, Marine x2  
  106  13:05  Barracks  
  106  13:10  Barracks x2  
  106  13:15  Marine x2  
  106  13:18  Marauder x3  
  114  13:39  Marauder  
  107  13:46  Siege Tank  
  101  13:49  Marauder x2, Marine x2  
  101  13:51  Terran Infantry Armor Level 2  
  101  13:52  Terran Infantry Weapons Level 3  
  101  13:53  Terran Vehicle And Ship Armor Level 1  
  101  13:54  Medivac x2  
  111  13:58  Barracks Reactor x2, Barracks Tech Lab  
  111  14:01  Marauder  
  113  14:04  SCV x2  
  113  14:07  Marine x2  
  117  14:10  Marine  
  117  14:11  Marauder  
  120  14:18  Siege Tank  
  120  14:21  Command Center  
  112  14:50  Siege Tank  
  85  14:58  Marauder x3  
  85  14:59  Marauder, Marine x5  
  86  15:00  Marine  
  89  15:16  Viking x2  
  89  15:17  Marine x5  
  89  15:20  Marauder x4  
  106  15:27  Starport  
  106  15:41  Marauder x2  
  110  15:43  SCV  
  110  15:44  SCV x2  
  110  15:46  Viking x2  
  117  15:56  SCV x3, Planetary Fortress  
  120  16:05  Starport Tech Lab  
  120  16:08  Terran Vehicle And Ship Armor Level 2, SCV x2  
  120  16:10  Command Center  
  120  16:11  Missile Turret  
  122  16:16  Terran Infantry Armor Level 3, Viking  
  124  16:32  Missile Turret  
  124  16:34  Neosteel Armor  
  124  16:45  Refinery  
  124  16:46  Refinery  
  124  16:51  Raven  
  124  16:52  Medivac x2  
  124  16:53  Missile Turret  
  130  16:56  Siege Tank  
  130  16:57  Marauder x4  
  130  16:58  Marine  
  130  16:59  Marine  
  130  17:00  Marine  
  144  17:02  Marine  
  145  17:15  Missile Turret  
  145  17:18  Marauder  
  147  17:23  Marine x9  
  147  17:28  Medivac, Siege Tank  
  161  17:38  Corvid Reactor  
  161  17:39  Ghost Academy  
  161  17:40  Marauder  
  161  17:41  Marine  
  161  17:42  Marauder x2  
  168  17:46  Planetary Fortress  
  157  18:24  Terran Vehicle Weapons Level 1  
  129  18:30  Marauder x3, Marine  
  129  18:31  Siege Tank  
  129  18:33  Viking  
  129  18:34  Viking x2  
  78  18:42  Marine  
  79  18:49  SCV x4  
  79  18:52  Marauder x2  
  79  18:53  Hi-Sec Auto Tracking  
  82  18:57  Barracks  
  82  18:58  Barracks  
  82  19:01  SCV  
  40  19:22  Liberator x2  
  40  19:23  Liberator  
  46  19:26  Barracks  
  46  19:39  Barracks x2, Factory  
  46  19:40  Factory  
  46  19:52  Marine  
  48  20:05  Liberator  
  51  20:09  Barracks x2  
  51  20:12  Barracks Reactor, Barracks Tech Lab  
  48  20:34  SCV x2  
  48  20:35  SCV  
  51  20:39  Factory Tech Lab x2  
  51  20:41  Barracks Reactor, Barracks Tech Lab  
  51  20:45  Factory Tech Lab  
  51  20:46  SCV  
  51  20:47  SCV x2  
  51  20:49  Barracks  
  54  20:50  Barracks  
  54  20:58  SCV  
  54  21:04  Marauder x3, Marine x2  
  63  21:17  Marine x3  
  66  21:25  Marauder x3  
  72  21:44  Orbital Command  
  66  21:52  Marauder x3, Marine x4  
  66  21:53  Marine  
  74  22:14  Marauder x3  
  60  22:41  Marauder x3, Marine  
  67  22:52  SCV x3  
  67  22:53  SCV  
  71  23:02  Marauder  
  71  23:03  Marauder  
  62  23:33  SCV x2  
  56  23:36  Marine x4  
  56  23:37  Marine x2  
  59  23:42  Barracks  
  59  23:44  Factory  
  59  23:48  Sensor Tower  
  47  23:59  SCV x3  
Show
View Real Time Build Order
Export as new Build Order

qqq Zerg 

Build Orders: Hatch First 

Get SALT Encoding   

  12  0:00  Drone  
  13  0:08  Drone  
  14  0:17  Overlord  
  14  0:43  Hatchery  
  13  0:51  Drone x2  
  13  0:53  Drone  
  16  1:04  Drone  
  16  1:07  Extractor  
  16  1:21  Spawning Pool  
  15  1:30  Drone  
  15  1:31  Drone  
  17  1:36  Drone  
  18  1:45  Overlord  
  18  1:57  Drone x2  
  20  2:08  Zergling x2  
  20  2:09  Zergling x2  
  20  2:11  Metabolic Boost  
  20  2:13  Queen  
  24  2:18  Zergling x2  
  24  2:19  Zergling x2  
  26  2:27  Zergling x2  
  26  2:28  Zergling x2  
  28  2:38  Zergling x2  
  28  2:43  Zergling x2  
  30  2:46  Queen  
  30  2:51  Zergling x4  
  33  3:01  Drone x2  
  35  3:10  Roach Warren  
  35  3:12  Drone x2  
  28  3:56  Drone x2  
  28  3:57  Drone x5  
  33  4:03  Lair  
  33  4:04  Roach  
  33  4:08  Drone  
  36  4:15  Overlord  
  36  4:27  Hatchery  
  36  4:28  Overlord x2  
  35  4:33  Roach x3  
  35  4:34  Roach  
  43  4:41  Overlord  
  43  4:43  Drone  
  44  4:48  Zergling x2  
  44  4:49  Roach x2  
  49  4:59  Drone  
  51  5:00  Drone, Roach x2  
  51  5:01  Roach  
  51  5:05  Glial Reconstitution  
  57  5:10  Evolution Chamber  
  57  5:11  Drone  
  57  5:12  Drone  
  58  5:16  Extractor  
  58  5:19  Drone x2  
  58  5:20  Drone  
  57  5:41  Roach x4  
  65  5:45  Queen  
  67  5:54  Drone x3  
  67  5:55  Drone x3  
  73  6:04  Roach  
  73  6:05  Overlord x2  
  73  6:11  Overlord  
  73  6:14  Spine Crawler  
  73  6:15  Drone x2  
  74  6:24  Roach  
  74  6:25  Roach x2  
  78  6:32  Drone  
  73  6:33  Spine Crawler  
  66  6:42  Roach  
  66  6:43  Roach x2  
  66  6:45  Drone  
  73  6:58  Extractor  
  73  6:59  Extractor  
  73  7:00  Drone x4  
  75  7:06  Roach x2  
  75  7:18  Roach x4  
  83  7:28  Hatchery  
  82  7:35  Drone x2, Roach x3  
  90  7:45  Extractor  
  90  7:47  Extractor  
  86  7:56  Roach x5  
  90  8:04  Zergling x10  
  90  8:05  Roach x4  
  87  8:17  Roach x2  
  87  8:18  Roach x2  
  93  8:22  Roach x2  
  97  8:28  Zerg Ground Armor Level 1  
  97  8:30  Evolution Chamber  
  96  8:37  Spore Crawler, Infestation Pit  
  96  8:40  Spine Crawler  
  93  8:42  Drone  
  93  8:43  Queen  
  96  8:50  Drone x2  
  96  8:51  Drone x4  
  96  8:52  Overlord, Roach  
  96  8:53  Overlord x3  
  104  9:11  Drone, Overlord x3  
  105  9:19  Drone x3  
  105  9:20  Drone  
  105  9:22  Roach x4  
  117  9:24  Hive  
  117  9:26  Zerg Melee Weapons Level 1  
  116  9:38  Roach x4  
  108  9:52  Roach x2  
  90  9:53  Roach x4  
  90  9:55  Zergling x4  
  98  10:06  Drone, Roach x2  
  98  10:07  Drone x2, Zergling x2  
  104  10:17  Drone  
  104  10:18  Drone x6  
  111  10:22  Zerg Missile Weapons Level 1  
  111  10:27  Roach x4  
  119  10:34  Roach x2  
  119  10:35  Drone x2, Zergling x2  
  126  10:44  Ultralisk Cavern  
  126  10:46  Zergling x4  
  126  10:47  Zergling x6  
  109  11:08  Roach x5  
  109  11:09  Roach x7  
  133  11:15  Zergling x4  
  135  11:24  Zergling x2, Roach x2  
  135  11:25  Zergling x6  
  140  11:38  Ultralisk x2  
  147  11:40  Overlord x2  
  147  11:48  Zerg Ground Armor Level 2  
  147  11:50  Anabolic Synthesis  
  132  12:16  Zerg Melee Weapons Level 2  
  132  12:19  Hatchery  
  117  12:33  Chitinous Plating  
  110  12:43  Zergling x2, Roach x3  
  110  12:44  Drone x3, Zergling x6  
  110  12:45  Zergling x8  
  110  12:47  Ultralisk x2  
  110  12:48  Ultralisk x2  
  139  12:56  Ultralisk  
  131  13:13  Zergling x4, Ultralisk x2  
  131  13:14  Zergling x2  
  138  13:24  Drone x5  
  138  13:25  Drone  
  144  13:27  Extractor, Overlord  
  144  13:28  Extractor  
  144  13:33  Zergling x8  
  146  13:35  Hydralisk Den  
  146  13:40  Ultralisk  
  151  13:42  Zergling x2  
  152  13:56  Drone x2  
  152  13:57  Drone  
  152  13:58  Queen  
  157  14:06  Ultralisk  
  157  14:07  Drone, Zergling x4  
  165  14:18  Spine Crawler  
  165  14:20  Spine Crawler, Spore Crawler  
  162  14:34  Hydralisk x8  
  162  14:35  Hydralisk x4  
  186  14:40  Muscular Augments  
  186  14:43  Zerg Melee Weapons Level 3  
  186  14:49  Spore Crawler  
  179  15:03  Hydralisk x2  
  179  15:04  Zergling x4, Ultralisk x2  
  179  15:05  Zergling x2  
  154  15:18  Zergling x8, Ultralisk  
  154  15:19  Zergling x2  
  142  15:27  Ultralisk  
  142  15:28  Hydralisk x2  
  134  15:30  Drone  
  139  15:35  Spine Crawler  
  139  15:39  Spine Crawler  
  137  15:44  Lurker Den  
  137  15:47  Extractor  
  137  15:48  Extractor  
  134  15:51  Grooved Spines  
  134  15:53  Ultralisk  
  134  15:55  Drone x3  
  134  15:56  Drone  
  105  16:34  Ultralisk x2  
  105  16:35  Ultralisk x2  
  105  16:37  Zergling x8  
  121  16:52  Zerg Ground Armor Level 3  
  121  16:58  Hydralisk, Lurker  
  121  17:00  Hatchery, Hydralisk  
  125  17:06  Drone  
  125  17:07  Drone  
  127  17:09  Drone x2  
  129  17:23  Hydralisk  
  129  17:24  Hydralisk x3  
  129  17:25  Ultralisk  
  129  17:26  Drone  
  129  17:27  Drone  
  145  17:38  Seismic Spines  
  141  17:54  Hatchery  
  141  17:57  Spine Crawler  
  139  17:59  Lurker x2  
  139  18:00  Hydralisk x2  
  139  18:01  Drone  
  139  18:02  Drone x2  
  148  18:23  Ultralisk x2  
  136  18:30  Hydralisk x2, Ultralisk  
  136  18:31  Zergling x8  
  136  18:32  Zergling x10  
  116  18:35  Adaptive Talons  
  113  18:43  Lurker x2  
  115  18:48  Spine Crawler  
  115  18:50  Spine Crawler  
  115  18:51  Spine Crawler x2  
  105  18:57  Ultralisk  
  100  19:07  Ultralisk x2  
  100  19:08  Zergling x2  
  100  19:09  Drone  
  106  19:20  Ultralisk  
  106  19:31  Ultralisk  
  82  19:51  Drone x3  
  80  19:59  Zergling x10  
  80  20:00  Zergling x2  
  68  20:13  Ultralisk  
  61  20:14  Zergling x6  
  53  20:37  Zergling x2  
  53  20:38  Zergling x6  
  47  20:55  Zergling x6  
  44  21:25  Hatchery  
  43  21:27  Drone x2  
  43  21:28  Drone x4  
  49  22:00  Ultralisk  
  49  22:01  Drone  
  56  22:02  Drone  
  56  22:36  Ultralisk  
  48  22:37  Zergling x6  
  48  22:38  Zergling x2  
  51  22:48  Hatchery  
  50  22:53  Spine Crawler  
  47  23:47  Hydralisk Den  
  46  24:13  Spore Crawler  
Show
View Real Time Build Order
Export as new Build Order

Phaqui Terran - Winner!

Build Orders: Hellion Opening 

Get SALT Encoding   

  12  0:00  SCV  
  13  0:12  SCV  
  14  0:17  Supply Depot  
  14  0:24  SCV  
  15  0:29  Refinery  
  15  0:39  SCV  
  16  0:47  Barracks  
  16  0:51  SCV  
  17  0:59  Refinery  
  17  1:03  SCV  
  18  1:15  SCV  
  19  1:27  SCV  
  20  1:35  Factory  
  20  1:37  Barracks Reactor  
  20  1:39  Orbital Command  
  20  1:52  Supply Depot  
  20  2:05  SCV  
  21  2:19  SCV  
  22  2:26  Hellion x2  
  26  2:37  SCV  
  26  2:40  Command Center  
  26  2:47  Hellion x2  
  26  2:49  SCV  
  30  3:02  Supply Depot  
  30  3:04  SCV  
  31  3:17  Hellion  
  31  3:24  Hellion  
  33  3:27  SCV  
  34  3:38  Hellion  
  36  3:43  Supply Depot  
  36  3:46  Hellion  
  36  3:52  SCV  
  37  3:56  Barracks Tech Lab  
  37  3:58  Command Center  
  37  4:00  Hellion  
  39  4:07  Hellion, Supply Depot  
  41  4:19  Orbital Command  
  41  4:23  SCV  
  42  4:36  SCV  
  42  4:37  Stimpack  
  43  4:39  Marine  
  44  4:52  SCV  
  41  4:56  SCV, Hellion x2  
  44  5:04  SCV  
  44  5:06  Starport  
  45  5:09  SCV  
  45  5:13  Orbital Command  
  46  5:16  SCV, Supply Depot  
  46  5:21  SCV  
  48  5:22  Hellion  
  48  5:26  Barracks  
  48  5:28  SCV, Barracks  
  47  5:37  Marauder  
  47  5:42  SCV, Bunker  
  50  5:43  SCV, Bunker  
  50  5:45  Bunker  
  49  5:56  SCV  
  49  5:57  SCV  
  47  5:58  SCV  
  47  6:02  Starport Reactor  
  48  6:08  SCV  
  48  6:09  SCV  
  50  6:14  Marauder  
  50  6:16  Barracks Reactor x2  
  52  6:21  SCV  
  52  6:22  Engineering Bay  
  52  6:23  Engineering Bay  
  53  6:31  Widow Mine x2  
  53  6:33  SCV  
  53  6:35  Refinery x2  
  53  6:37  SCV x2, Supply Depot  
  56  6:42  Supply Depot  
  56  6:45  SCV  
  57  6:47  Marauder, Combat Shield  
  57  6:48  Barracks  
  57  6:50  Barracks  
  57  6:52  SCV  
  60  6:55  SCV  
  60  6:57  SCV  
  60  6:59  Terran Infantry Armor Level 1, Terran Infantry Weapons Level 1  
  60  7:00  Armory  
  62  7:09  SCV  
  63  7:21  Medivac x2  
  69  7:22  Marauder  
  69  7:23  Marine x4  
  67  7:36  Widow Mine x2  
  64  7:37  Barracks Tech Lab x2  
  64  7:40  Marine  
  64  7:41  Marine x2  
  59  7:44  Marauder  
  59  7:46  SCV x2  
  51  7:53  SCV  
  47  7:58  SCV x2  
  45  8:06  SCV  
  45  8:10  SCV x2  
  45  8:12  Marauder, Marine x2  
  51  8:13  Marine x2  
  51  8:15  Marauder x2, Concussive Shells  
  58  8:22  SCV  
  58  8:23  SCV  
  60  8:34  SCV x2  
  60  8:35  SCV  
  60  8:40  Medivac x2  
  67  8:42  Marauder  
  67  8:43  Marauder x2, Marine  
  67  8:45  Marine  
  67  8:47  SCV  
  76  8:59  Terran Infantry Armor Level 2, Terran Infantry Weapons Level 2  
  76  9:01  Terran Vehicle Weapons Level 1  
  76  9:04  Marauder  
  76  9:05  Marauder  
  76  9:07  SCV x2  
  76  9:08  Factory Tech Lab  
  82  9:12  Orbital Command  
  82  9:15  Refinery  
  82  9:19  SCV x2  
  84  9:24  Medivac x2  
  84  9:25  Marine x2  
  84  9:26  Marauder, Marine x2  
  84  9:29  Supply Depot  
  94  9:32  Supply Depot  
  94  9:37  SCV x2  
  94  9:38  SCV  
  96  9:49  SCV, Marauder, Marine x2  
  96  9:50  SCV, Marauder x2, Marine x2  
  86  9:56  Siege Tank  
  84  10:05  SCV x3  
  87  10:07  Marine x3  
  87  10:10  Marine  
  87  10:11  Marauder x3  
  97  10:25  Marine x3  
  97  10:27  Marine  
  100  10:32  Marauder x3  
  104  10:37  SCV x3  
  106  10:43  Marine x3  
  106  10:45  Marine  
  106  10:49  SCV x3  
  101  10:54  Marauder x3  
  101  11:00  Marine  
  101  11:01  Marine x2  
  101  11:03  Marine  
  95  11:05  Siege Tank  
  95  11:07  Liberator  
  100  11:15  Marauder x3  
  105  11:18  Marine x2  
  105  11:19  Marine  
  105  11:21  Marine  
  90  11:36  Marauder x2, Marine x4  
  90  11:39  Marine  
  94  11:48  Siege Tank  
  97  11:54  Marauder, Marine x3  
  97  11:57  Marine  
  97  11:58  Marauder x2  
  91  12:09  Orbital Command  
  91  12:12  Marine x3  
  91  12:13  Liberator  
  91  12:14  Marine  
  90  12:16  Marauder  
  90  12:19  Marauder x2  
  90  12:20  Siege Tank  
  89  12:28  SCV x2  
  89  12:29  Marine  
  87  12:30  Marine x2  
  87  12:32  Marine  
  87  12:35  SCV  
  90  12:37  Marauder  
  90  12:40  SCV x2, Marine  
  90  12:41  Marauder  
  91  12:47  Marine  
  91  12:48  Marine x2  
  91  12:50  Marine  
  94  12:58  Marauder  
  94  12:59  Marauder  
  94  13:02  Marauder  
  94  13:03  SCV x3  
  94  13:05  Marine x3  
  102  13:08  Marine  
  101  13:14  Siege Tank  
  101  13:15  SCV  
  101  13:16  SCV  
  108  13:20  Marauder x2  
  108  13:21  Liberator  
  108  13:23  Marauder, Marine x2  
  117  13:51  Orbital Command  
  117  13:55  Terran Infantry Weapons Level 3  
  117  14:07  Refinery  
  117  14:08  Refinery  
  117  14:12  Supply Depot  
  117  14:14  Supply Depot  
  117  14:24  SCV  
  117  14:26  Refinery, Marauder, Marine  
  117  14:27  Refinery, Marine x3  
  117  14:28  Marauder  
  117  14:29  SCV, Marauder  
  117  14:34  Orbital Command, Siege Tank  
  117  14:36  SCV  
  120  14:41  SCV  
  120  14:43  Marine  
  120  14:44  Marine x2  
  120  14:45  Marine  
  124  14:48  SCV, Marauder  
  124  14:49  Marauder  
  124  14:50  Marauder  
  116  14:53  SCV  
  117  15:00  SCV  
  117  15:01  Marine  
  117  15:02  Marine x2  
  117  15:03  Marine  
  117  15:05  SCV  
  110  15:08  Marine  
  110  15:10  Marine  
  110  15:11  Marauder  
  114  15:19  Marine  
  114  15:20  Marine x2  
  114  15:21  Marine  
  105  15:27  Marauder  
  105  15:28  Marine  
  104  15:32  Marine  
  104  15:33  SCV x2  
  104  15:34  SCV  
  109  15:37  Marine  
  109  15:38  Marine x2, Siege Tank  
  109  15:39  Marine  
  116  15:46  Marauder  
  116  15:48  Marauder, Liberator  
  123  15:50  Marine  
  123  15:53  SCV x3  
  123  15:55  Marine  
  123  15:56  Marine x3  
  131  15:57  Supply Depot  
  131  15:58  Supply Depot  
  131  15:59  Supply Depot  
  131  16:01  Terran Infantry Armor Level 3  
  131  16:08  Marauder  
  133  16:15  Marauder  
  133  16:17  SCV, Marine x2  
  133  16:19  SCV, Marauder, Marine x2  
  133  16:21  Supply Depot  
  124  16:28  Marine  
  124  16:29  SCV  
  124  16:31  SCV  
  118  16:48  Liberator x2  
  118  16:49  Siege Tank  
  118  16:51  Marauder x3  
  118  16:54  Marine x3  
  134  16:58  Command Center  
  136  17:10  SCV x2  
  136  17:12  Marauder  
  140  17:16  Marauder x2, Marine x4  
  147  17:32  SCV x2  
  147  17:33  Marine  
  150  17:37  Marine  
  150  17:42  Marine  
  150  17:48  Command Center  
  150  18:18  Marine  
  150  18:24  SCV, Marauder, Marine  
  150  18:25  SCV, Marine  
  150  18:27  Marauder x2, Marine, Siege Tank  
  131  18:36  SCV, Marine  
  131  18:37  SCV  
  127  18:42  Marine  
  127  18:43  Marine  
  127  18:44  Marine  
  127  18:46  Marauder  
  127  18:48  SCV, Marauder  
  134  18:49  SCV, Marauder  
  134  18:54  Marine  
  139  19:00  SCV, Marine  
  139  19:01  Marine  
  139  19:02  Marine  
  135  19:07  Marine  
  135  19:08  SCV  
  135  19:09  Marauder  
  124  19:10  Marine  
  124  19:13  SCV, Medivac x2  
  129  19:20  SCV  
  130  19:25  SCV  
  131  19:32  SCV  
  131  19:37  SCV, Planetary Fortress  
  131  19:44  SCV  
  132  19:46  Marine x3  
  132  19:47  Marine  
  136  20:03  Marauder x2, Marine  
  136  20:04  Marine x2  
  131  20:22  Command Center  
  131  20:23  Liberator  
  125  20:37  Liberator  
  125  20:40  Siege Tank  
  125  20:42  SCV x3  
  113  21:06  Liberator  
  113  21:07  Marauder, Marine x4  
  113  21:08  Marauder, Marine  
  125  21:20  Medivac, Siege Tank  
  125  21:23  Terran Vehicle Weapons Level 2  
  125  21:25  Neosteel Armor, Marine x2  
  131  21:26  Marauder  
  131  21:27  Marine x2  
  131  21:29  Marauder x2  
  131  21:31  SCV x3  
  143  21:47  Marauder  
  143  21:49  Medivac  
  143  21:50  Marauder x2  
  151  21:54  Marine x2  
  151  21:55  Siege Tank  
  151  21:56  Medivac  
  154  22:06  SCV x2  
  150  22:09  Marauder  
  150  22:12  Marauder, Missile Turret  
  150  22:13  Missile Turret  
  145  22:19  Liberator  
  145  22:20  SCV x3  
  111  22:31  Marauder, Marine  
  111  22:32  SCV, Marauder  
  99  22:44  Planetary Fortress  
  99  22:46  SCV x2  
  101  22:59  Medivac  
  101  23:00  Marauder x3, Marine  
  101  23:01  Marine  
  101  23:03  SCV  
  107  23:20  Marine x3  
  107  23:24  SCV x4  
  107  23:36  SCV  
  107  23:38  SCV x2  
  107  23:39  SCV  
  107  23:41  Marauder x3, Marine x4  
  118  23:48  SCV  
  118  23:50  SCV  
  120  23:59  Marine  
Show
View Real Time Build Order
Export as new Build Order

Qken Protoss - Winner!

Build Orders: 1 Gate Expand, Blink Stalkers 

Get SALT Encoding   

  12  0:00  Probe (Chrono Boost)  
  13  0:12  Probe (Chrono Boost)  
  14  0:18  Pylon  
  14  0:21  Probe (Chrono Boost)  
  15  0:36  Probe  
  15  0:37  Gateway  
  16  0:48  Probe  
  17  0:58  Assimilator  
  17  1:00  Probe (Chrono Boost)  
  19  1:11  Probe (Chrono Boost)  
  19  1:20  Nexus  
  19  1:25  Pylon  
  19  1:28  Probe  
  20  1:38  Cybernetics Core  
  20  1:42  Probe  
  21  1:55  Probe  
  21  1:59  Pylon  
  22  2:07  Probe (Chrono Boost), Assimilator  
  23  2:15  Stalker, Warp Gate  
  25  2:19  Probe (Chrono Boost)  
  26  2:27  Probe (Chrono Boost)  
  27  2:43  Probe  
  27  2:44  Probe, Pylon, Stalker  
  31  2:56  Probe x2  
  33  3:03  Shield Battery  
  33  3:05  Shield Battery  
  33  3:08  Probe (Chrono Boost)  
  35  3:13  Probe (Chrono Boost)  
  35  3:16  Twilight Council  
  35  3:17  Probe (Chrono Boost)  
  36  3:21  Probe (Chrono Boost), Stalker  
  36  3:22  Probe (Chrono Boost)  
  40  3:35  Gateway  
  40  3:37  Gateway  
  40  3:58  Blink (Chrono Boost)  
  40  4:00  Probe x2  
  42  4:10  Forge  
  42  4:12  Probe  
  42  4:13  Probe  
  44  4:19  Assimilator  
  44  4:22  Assimilator  
  44  4:25  Probe x2  
  44  4:29  Stalker  
  44  4:30  Stalker  
  50  4:31  Stalker  
  50  4:37  Probe x2 (Chrono Boost)  
  54  4:47  Probe x2 (Chrono Boost)  
  54  4:52  Probe (Chrono Boost)  
  55  4:54  Probe  
  55  4:57  Protoss Ground Weapons Level 1 (Chrono Boost)  
  57  5:03  Probe  
  58  5:11  Stalker x2  
  62  5:25  Pylon  
  62  5:26  Pylon  
  62  5:27  Pylon  
  62  5:28  Pylon  
  62  5:29  Pylon  
  62  5:30  Pylon  
  62  5:35  Gateway x2  
  62  5:38  Gateway  
  62  5:50  Stalker x3  
  62  5:56  Pylon  
  57  6:13  Stalker x3  
  63  6:18  Robotics Facility  
  63  6:22  Robotics Facility  
  55  6:32  Stalker x2  
  55  6:33  Stalker  
  53  6:43  Stalker x3  
  57  7:00  Nexus  
  57  7:01  Pylon, Stalker x3  
  59  7:03  Protoss Ground Weapons Level 2 (Chrono Boost)  
  59  7:04  Pylon  
  59  7:07  Pylon  
  56  7:26  Immortal (Chrono Boost)  
  62  7:30  Immortal (Chrono Boost), Stalker x2  
  62  7:31  Stalker x2  
  70  7:47  Stalker x2  
  68  8:03  Pylon x2  
  68  8:06  Pylon  
  68  8:09  Pylon  
  62  8:30  Stalker x2  
  66  8:35  Nexus  
  66  8:36  Pylon  
  66  8:40  Pylon  
  66  8:42  Pylon  
  62  9:03  Immortal (Chrono Boost)  
  70  9:13  Immortal (Chrono Boost)  
  70  9:18  Photon Cannon  
  70  9:19  Photon Cannon  
  70  9:23  Photon Cannon  
  70  9:25  Photon Cannon  
  70  9:27  Photon Cannon  
  70  9:31  Shield Battery  
  70  9:36  Shield Battery  
  66  9:56  Stalker  
  66  9:57  Stalker x5  
  68  10:14  Immortal  
  68  10:20  Stalker x2  
  62  10:34  Stalker x4  
  55  11:00  Stalker x3  
  55  11:01  Stalker x3  
  57  11:16  Charge  
  57  11:24  Sentry x4  
  65  11:26  Stalker x2  
  55  11:48  Stalker x4  
  63  11:56  Stalker  
  63  12:00  Observer (Chrono Boost)  
  58  12:22  Immortal x2 (Chrono Boost)  
  56  12:34  Sentry x2  
  56  12:35  Sentry x4  
  68  12:58  Nexus  
  68  13:09  Pylon  
  62  13:27  Stalker x2  
  66  13:58  Assimilator  
  66  14:00  Assimilator  
  66  14:01  Sentry  
  66  14:02  Pylon  
  68  14:05  Probe  
  68  14:07  Protoss Ground Weapons Level 3 (Chrono Boost)  
  69  14:14  Pylon  
  69  14:32  Probe x2  
  69  14:35  Probe  
  69  14:38  Shield Battery  
  72  14:39  Shield Battery  
  72  14:42  Templar Archives  
  48  15:20  Stalker x5  
  48  15:21  Stalker  
  60  15:26  Immortal (Chrono Boost)  
  64  15:38  Probe x3  
  67  15:46  High Templar x2  
  67  15:49  High Templar x2  
  75  15:50  Probe x3  
  75  15:53  High Templar x2  
  75  15:55  Archon x2  
  82  15:57  Archon  
  78  16:42  Zealot x6  
  90  17:00  Immortal (Chrono Boost)  
  94  17:03  High Templar x2  
  94  17:05  High Templar x2  
  94  17:08  Archon  
  101  17:09  Archon  
  101  17:15  High Templar x2  
  105  17:19  Archon  
  105  17:39  Zealot  
  105  17:40  Zealot x3  
  95  18:28  Nexus  
  95  18:31  Pylon  
  95  18:32  Pylon  
  69  18:40  Stalker x5  
  69  18:41  Stalker  
  71  19:15  Zealot x6  
  79  19:52  Stalker x4  
  85  19:53  Stalker x2  
  79  20:26  Observer (Chrono Boost)  
  78  20:39  Observer (Chrono Boost)  
  79  20:49  Assimilator  
  79  20:50  Assimilator  
  79  21:00  Probe  
  80  21:05  High Templar x2  
  80  21:06  High Templar x3  
  80  21:07  High Templar  
  91  21:12  Probe  
  92  21:37  Protoss Shields Level 1  
  92  21:42  Archon x2  
  92  21:43  Archon  
  92  21:45  Zealot x2  
  96  21:47  Zealot x4  
  72  22:55  Nexus  
  72  23:15  Assimilator  
  68  23:20  Assimilator  
  67  23:37  Stalker  
  67  23:38  Stalker  
  67  23:39  Stalker x4  
  79  23:53  Nexus  
  79  23:55  Pylon  
  79  23:58  Pylon  
  79  24:03  Pylon  
Tags
 
Add a new tag
Caveats
  • Supply blocks, unpowered buildings, or Contaminate may cause inaccurate times.
  • Supply counts are checked every 10 seconds.